Map: Fields of Shazir

Players

NYscott

  • Race: Protoss Protoss
  • Spawn Location: 9:00

heal

  • Race: Protoss Protoss
  • League: Silver
  • Spawn Location: 9:00

RexTowns

  • Race: Protoss Protoss
  • League: Silver
  • Spawn Location: 7:00

Metasapien - Winner!

  • Race: Zerg Zerg
  • Spawn Location: 3:00

Freeman - Winner!

  • Race: Protoss Protoss
  • Spawn Location: 5:00

pastdarkk - Winner!

  • Race: Terran Terran
  • Spawn Location: 3:00

VOD

Have the link to the VOD?

Description

Time

  • Played on: Aug. 20, 2017, 1:48 p.m.
  • Length: 22:16
Show
View Real Time Build Order
Export as new Build Order

NYscott Protoss 

Build Orders:  

Get SALT Encoding   

  12  0:01  Probe (Chrono Boost)  
  13  0:14  Probe (Chrono Boost)  
  14  0:22  Pylon  
  14  0:24  Probe (Chrono Boost)  
  15  0:35  Assimilator  
  15  0:40  Probe (Chrono Boost)  
  15  0:42  Gateway  
  16  0:46  Assimilator  
  16  0:55  Probe (Chrono Boost)  
  17  1:13  Assimilator  
  18  1:18  Probe (Chrono Boost)  
  18  1:29  Cybernetics Core, Probe (Chrono Boost)  
  18  1:32  Pylon  
  19  1:39  Probe (Chrono Boost)  
  20  1:50  Probe (Chrono Boost)  
  21  2:00  Probe (Chrono Boost)  
  22  2:05  Stargate  
  22  2:18  Nexus  
  22  2:21  Probe (Chrono Boost)  
  23  2:32  Pylon  
  23  2:36  Probe (Chrono Boost)  
  24  2:45  Stargate  
  24  2:47  Probe (Chrono Boost)  
  25  2:52  Void Ray (Chrono Boost)  
  29  3:06  Stargate  
  29  3:19  Assimilator  
  29  3:31  Void Ray (Chrono Boost)  
  33  3:34  Probe  
  34  3:45  Probe  
  39  3:55  Probe  
  39  3:58  Void Ray (Chrono Boost)  
  40  4:06  Probe  
  41  4:16  Void Ray (Chrono Boost), Probe  
  46  4:25  Pylon  
  46  4:27  Probe  
  47  4:37  Probe  
  51  4:39  Void Ray (Chrono Boost)  
  51  4:40  Pylon  
  51  4:43  Assimilator  
  52  4:48  Probe  
  53  4:58  Probe  
  57  5:01  Void Ray (Chrono Boost)  
  58  5:09  Probe  
  59  5:19  Pylon  
  59  5:20  Probe  
  59  5:25  Pylon  
  60  5:30  Probe  
  56  5:44  Void Ray (Chrono Boost)  
  56  5:45  Probe  
  51  5:57  Probe  
  52  6:06  Pylon  
  52  6:08  Stargate  
  52  6:09  Probe  
  53  6:20  Probe  
  53  6:21  Probe  
  55  6:31  Probe  
  56  6:33  Probe  
  57  6:41  Probe  
  58  6:52  Void Ray (Chrono Boost), Probe  
  59  7:02  Probe  
  48  7:12  Phoenix (Chrono Boost)  
  48  7:13  Phoenix (Chrono Boost), Probe  
  53  7:17  Probe  
  50  7:25  Probe  
  50  7:29  Probe  
  52  7:37  Probe  
  53  7:41  Stargate  
  53  7:46  Cybernetics Core  
  53  7:50  Phoenix x2 (Chrono Boost)  
  57  8:07  Phoenix (Chrono Boost)  
  63  8:28  Phoenix (Chrono Boost)  
  1  9:41  Nexus  
  1  9:55  Pylon  
  1  10:52  Probe  
  2  11:00  Gateway  
  2  11:03  Probe  
  3  11:13  Probe  
  4  11:24  Probe  
  4  11:25  Gateway  
  5  11:35  Probe  
  6  11:44  Pylon  
  6  11:45  Probe  
  7  11:55  Cybernetics Core  
  7  11:56  Probe  
  8  12:06  Probe  
  9  12:15  Assimilator  
  9  12:17  Probe  
  10  12:27  Probe  
  11  12:38  Probe  
  12  12:48  Probe  
  13  13:01  Probe  
  14  13:13  Probe  
  15  13:25  Probe  
  16  13:28  Pylon  
  16  13:36  Gateway  
  16  13:37  Probe  
  17  13:49  Probe  
  18  14:00  Probe  
Show
View Real Time Build Order
Export as new Build Order

heal Protoss 

Build Orders:  

Get SALT Encoding   

  12  0:01  Probe (Chrono Boost)  
  13  0:12  Probe (Chrono Boost)  
  14  0:23  Probe (Chrono Boost)  
  14  0:26  Pylon  
  15  0:44  Probe (Chrono Boost)  
  16  0:54  Probe (Chrono Boost)  
  17  1:05  Probe (Chrono Boost)  
  17  1:09  Gateway  
  17  1:10  Gateway  
  18  1:12  Gateway  
  18  1:15  Probe (Chrono Boost)  
  19  1:24  Pylon  
  19  1:26  Assimilator, Probe (Chrono Boost)  
  19  1:31  Assimilator  
  20  1:37  Probe (Chrono Boost)  
  21  1:47  Probe (Chrono Boost)  
  22  1:57  Zealot x2  
  22  1:58  Probe (Chrono Boost)  
  27  2:03  Zealot  
  30  2:08  Probe (Chrono Boost)  
  30  2:11  Pylon  
  30  2:21  Probe (Chrono Boost)  
  30  2:22  Pylon  
  31  2:31  Zealot  
  31  2:33  Zealot  
  35  2:39  Probe (Chrono Boost)  
  35  2:44  Zealot  
  38  3:20  Probe (Chrono Boost)  
  38  3:21  Cybernetics Core  
  38  3:25  Forge  
  39  3:30  Probe (Chrono Boost)  
  40  3:39  Pylon  
  40  3:42  Probe (Chrono Boost)  
  40  3:43  Zealot  
  40  3:44  Zealot x2  
  47  3:56  Warp Gate (Chrono Boost)  
  47  4:02  Protoss Ground Weapons Level 1 (Chrono Boost)  
  47  4:09  Probe  
  48  4:21  Probe  
  48  4:22  Nexus  
  49  4:27  Pylon  
  49  4:35  Probe  
  50  4:40  Zealot x2  
  50  4:45  Zealot  
  55  5:07  Nexus  
  55  5:21  Zealot x3  
  59  5:23  Probe  
  62  5:33  Pylon  
  63  5:35  Probe (Chrono Boost)  
  63  5:45  Protoss Ground Armor Level 1 (Chrono Boost)  
  63  5:46  Probe (Chrono Boost)  
  64  5:52  Stalker  
  64  5:53  Stalker  
  68  5:57  Probe (Chrono Boost)  
  68  5:58  Stalker  
  71  6:08  Probe x2 (Chrono Boost)  
  75  6:18  Probe x2 (Chrono Boost)  
  75  6:20  Twilight Council  
  75  6:24  Robotics Facility  
  75  6:29  Probe x2 (Chrono Boost)  
  77  6:39  Probe (Chrono Boost)  
  78  6:48  Probe (Chrono Boost)  
  78  6:50  Probe (Chrono Boost)  
  80  6:56  Gateway  
  80  6:57  Gateway  
  80  6:59  Gateway  
  80  7:00  Probe (Chrono Boost)  
  80  7:01  Gateway  
  81  7:08  Gateway, Probe  
  82  7:09  Probe  
  82  7:13  Assimilator  
  83  7:16  Assimilator, Probe  
  83  7:20  Probe  
  83  7:23  Probe  
  83  7:27  Probe  
  83  7:32  Charge (Chrono Boost)  
  83  7:35  Protoss Ground Weapons Level 2 (Chrono Boost)  
  77  7:37  Probe  
  70  7:48  Probe  
  69  7:51  Probe  
  60  7:58  Probe  
  60  8:02  Probe  
  60  8:03  Assimilator  
  62  8:05  Stalker  
  62  8:06  Stalker x2  
  62  8:07  Assimilator  
  62  8:09  Probe  
  69  8:12  Stalker  
  69  8:13  Stalker, Probe  
  69  8:17  Stalker  
  69  8:18  Stalker  
  69  8:19  Probe  
  78  8:23  Probe  
  80  8:30  Probe  
  80  8:34  Probe  
  81  8:35  Stalker x2  
  81  8:36  Stalker  
  81  8:40  Probe  
  88  8:44  Probe  
  90  8:50  Stalker x2  
  90  8:51  Probe  
  90  8:55  Probe  
  95  9:01  Probe  
  92  9:05  Probe  
  92  9:07  Stalker x2  
  92  9:08  Blink (Chrono Boost), Stalker  
  98  9:26  Pylon  
  98  9:27  Pylon  
  98  9:40  Probe  
  98  9:43  Protoss Shields Level 1 (Chrono Boost)  
  98  9:44  Photon Cannon  
  98  9:45  Photon Cannon  
  99  9:46  Photon Cannon  
  99  9:50  Probe  
  100  9:58  Stalker x2  
  100  9:59  Stalker x2  
  108  10:00  Stalker  
  108  10:01  Stalker, Probe  
  108  10:02  Stalker x2  
  117  10:18  Photon Cannon  
  117  10:20  Photon Cannon  
  117  10:22  Photon Cannon  
  117  10:27  Pylon  
  117  10:30  Pylon  
  117  10:36  Probe  
  117  10:37  Pylon  
  117  10:40  Pylon  
  117  10:41  Pylon  
  117  10:43  Pylon  
  117  10:47  Probe  
  117  10:49  Pylon  
  118  10:52  Stalker  
  118  10:53  Stalker x2  
  118  10:54  Stalker  
  118  10:55  Stalker x2  
  118  10:56  Stalker  
  132  10:57  Stalker, Probe  
  132  11:02  Pylon  
  132  11:03  Pylon  
  135  11:07  Dark Shrine  
  135  11:08  Probe, Templar Archives  
  136  11:28  Stalker  
  136  11:29  Stalker x4  
  136  11:30  Stalker x3  
  136  11:31  Protoss Ground Armor Level 2 (Chrono Boost)  
  152  11:51  Observer  
  153  11:56  Stalker x4  
  153  11:57  Stalker x3  
  153  11:58  Stalker  
  169  12:13  Observer  
  170  12:16  Pylon  
  170  12:20  Photon Cannon  
  170  12:22  Photon Cannon  
  170  12:25  Photon Cannon  
  170  12:34  Observer  
  171  12:43  Forge  
  171  12:46  Forge  
  171  12:49  Psionic Storm  
  171  12:50  Gateway  
  171  12:53  Gateway  
  171  13:01  Stalker  
  171  13:02  Stalker x3  
  171  13:03  Stalker  
  171  13:04  Stalker  
  171  13:05  Stalker  
  181  13:54  Stalker  
  181  13:55  Stalker x4  
  165  13:56  Stalker  
  121  14:12  Stalker  
  105  14:21  Protoss Ground Armor Level 3 (Chrono Boost)  
  93  14:29  Protoss Ground Weapons Level 3 (Chrono Boost), Stalker  
  93  14:30  Stalker  
  93  14:31  Stalker x2  
  97  14:33  Stalker  
  97  14:36  Stalker x2  
  97  14:37  Stalker x2  
  109  14:57  Gateway  
  109  14:58  Gateway  
  109  15:02  Gateway  
  109  15:05  Gateway  
  109  15:09  Stalker  
  109  15:10  Stalker x4  
  109  15:11  Stalker x3  
  109  15:12  Stalker  
  127  15:22  Pylon  
  127  15:24  Pylon  
  127  15:26  Pylon  
  127  15:53  Pylon  
  123  16:00  Pylon  
  123  16:01  Pylon  
  123  16:02  Pylon  
  123  16:03  Pylon  
  121  16:14  Pylon x2  
  121  16:21  Photon Cannon  
  121  16:23  Photon Cannon  
  121  16:28  Photon Cannon  
  121  16:46  Resonating Glaives  
  121  16:48  Stalker  
  121  16:49  Stalker x3  
  121  16:50  Stalker  
  121  16:51  Stalker  
  121  16:53  Stalker x2  
  121  16:54  Stalker  
  139  17:05  Protoss Shields Level 2 (Chrono Boost)  
  139  17:16  Photon Cannon  
  139  17:17  Photon Cannon  
  139  17:18  Photon Cannon  
  87  18:15  Stalker  
  87  18:16  Stalker x3  
  87  18:17  Stalker x2  
  79  18:50  Stalker x3  
  84  21:10  Nexus  
  84  21:13  Pylon  
Show
View Real Time Build Order
Export as new Build Order

RexTowns Protoss 

Build Orders: Forge Fast Expand (FFE) 

Get SALT Encoding   

  12  0:03  Probe (Chrono Boost)  
  13  0:18  Pylon  
  13  0:21  Probe (Chrono Boost)  
  14  0:31  Probe (Chrono Boost)  
  15  0:41  Forge  
  15  0:44  Probe (Chrono Boost)  
  16  0:54  Assimilator, Probe (Chrono Boost)  
  17  1:05  Probe (Chrono Boost)  
  18  1:29  Nexus  
  18  1:39  Photon Cannon  
  18  1:42  Probe (Chrono Boost)  
  19  1:53  Probe (Chrono Boost)  
  20  1:59  Gateway  
  20  2:04  Probe (Chrono Boost)  
  21  2:14  Photon Cannon, Probe (Chrono Boost)  
  22  2:21  Assimilator  
  22  2:25  Probe (Chrono Boost)  
  23  2:37  Photon Cannon  
  23  2:45  Pylon  
  23  3:03  Pylon  
  23  3:07  Pylon  
  23  3:22  Cybernetics Core  
  23  3:24  Cybernetics Core  
  23  3:35  Probe (Chrono Boost)  
  23  3:36  Probe (Chrono Boost)  
  25  3:46  Assimilator, Probe x2 (Chrono Boost)  
  27  3:50  Assimilator  
  27  3:57  Probe x2 (Chrono Boost)  
  29  4:05  Stargate  
  29  4:07  Stargate, Probe x2 (Chrono Boost)  
  31  4:18  Mothership Core (Chrono Boost), Probe (Chrono Boost)  
  34  4:28  Probe (Chrono Boost)  
  34  4:30  Photon Cannon  
  35  4:36  Photon Cannon, Probe (Chrono Boost)  
  36  4:43  Pylon  
  36  4:48  Pylon  
  36  5:02  Photon Cannon  
  36  5:06  Photon Cannon  
  36  5:10  Oracle (Chrono Boost)  
  36  5:11  Oracle (Chrono Boost)  
  42  5:18  Protoss Air Weapons Level 1  
  42  5:21  Protoss Air Armor Level 1  
  42  5:36  Fleet Beacon  
  42  5:51  Probe x2  
  44  5:58  Void Ray (Chrono Boost)  
  44  6:03  Probe x2  
  44  6:36  Carrier (Chrono Boost)  
  44  6:37  Carrier (Chrono Boost)  
  56  6:40  Graviton Catapult  
  56  6:53  Probe x2  
  58  7:05  Probe x2  
  60  7:17  Probe x2  
  60  7:18  Nexus  
  62  7:29  Probe  
  63  7:38  Protoss Air Weapons Level 2  
  63  7:40  Protoss Air Armor Level 2  
  63  7:48  Stargate  
  63  7:55  Pylon  
  63  7:56  Pylon  
  63  7:59  Void Ray (Chrono Boost), Pylon  
  63  8:05  Void Ray (Chrono Boost)  
  71  8:11  Assimilator  
  71  8:16  Assimilator  
  71  8:25  Stargate  
  55  9:12  Carrier x2 (Chrono Boost)  
  73  9:23  Carrier (Chrono Boost), Probe  
  73  9:24  Probe  
  75  9:35  Probe  
  75  9:36  Probe  
  83  9:48  Probe x2  
  83  9:52  Carrier (Chrono Boost)  
  85  10:00  Probe x2  
  87  10:12  Probe x2  
  87  10:13  Protoss Air Weapons Level 3  
  89  10:17  Protoss Air Armor Level 3  
  89  10:24  Probe x2  
  91  10:36  Probe x2  
  93  10:46  Probe  
  93  10:48  Probe x2  
  96  10:57  Carrier (Chrono Boost), Probe  
  102  10:58  Carrier (Chrono Boost)  
  102  11:00  Probe x2  
  111  11:07  Probe  
  112  11:12  Probe x2  
  114  11:31  Pylon  
  114  11:33  Pylon  
  114  11:35  Pylon  
  114  11:36  Pylon  
  126  12:00  Nexus  
  126  12:01  Carrier (Chrono Boost)  
  126  12:04  Carrier (Chrono Boost)  
  126  12:12  Protoss Shields Level 1  
  138  12:23  Tempest (Chrono Boost)  
  138  12:24  Void Ray (Chrono Boost)  
  142  12:33  Assimilator  
  142  12:37  Assimilator  
  142  12:44  Pylon  
  142  12:46  Pylon  
  142  12:48  Pylon  
  142  12:49  Pylon  
  142  12:52  Pylon  
  142  13:00  Void Ray (Chrono Boost)  
  76  14:13  Carrier (Chrono Boost)  
  76  14:15  Carrier (Chrono Boost)  
  100  14:25  Carrier x2 (Chrono Boost)  
  100  14:34  Stargate  
  100  14:38  Stargate  
  100  14:40  Stargate  
  100  14:43  Stargate  
  88  15:08  Mothership Core  
  81  15:28  Carrier (Chrono Boost)  
  81  15:34  Void Ray (Chrono Boost)  
  81  15:35  Void Ray x3 (Chrono Boost)  
  101  15:44  Void Ray (Chrono Boost)  
  101  16:17  Void Ray x2 (Chrono Boost)  
  109  17:06  Nexus  
  109  17:13  Nexus  
  85  18:20  Assimilator  
  85  18:24  Assimilator  
  67  18:32  Void Ray (Chrono Boost)  
  69  18:35  Assimilator  
  69  18:38  Void Ray (Chrono Boost)  
  69  18:40  Assimilator  
  66  19:06  Probe  
  67  19:17  Probe  
  68  19:27  Probe  
  68  19:29  Void Ray (Chrono Boost)  
  73  19:38  Probe  
  74  19:48  Probe  
  79  19:56  Void Ray (Chrono Boost)  
  79  20:27  Nexus  
  79  21:02  Void Ray (Chrono Boost)  
  95  21:07  Void Ray (Chrono Boost)  
  95  21:08  Void Ray x2 (Chrono Boost)  
  99  21:17  Void Ray (Chrono Boost)  
  99  21:39  Void Ray (Chrono Boost)  
  115  21:58  Assimilator  
Show
View Real Time Build Order
Export as new Build Order

Metasapien Zerg - Winner!

Build Orders: Pool First 

Get SALT Encoding   

  12  0:03  Drone  
  13  0:13  Overlord  
  13  0:18  Drone  
  14  0:37  Spawning Pool  
  14  0:40  Extractor, Drone  
  13  0:47  Drone  
  14  0:50  Drone  
  15  1:02  Drone  
  16  1:23  Hatchery  
  15  1:26  Zergling x2  
  16  1:41  Drone  
  16  1:42  Drone  
  16  1:43  Drone  
  19  1:47  Metabolic Boost  
  19  1:50  Extractor  
  18  1:57  Drone  
  19  2:11  Queen  
  19  2:14  Overlord  
  21  2:33  Drone x2  
  23  2:37  Drone  
  23  2:39  Queen  
  26  2:46  Drone  
  27  2:54  Drone  
  29  2:58  Drone  
  29  3:04  Drone  
  29  3:05  Drone  
  31  3:07  Drone  
  31  3:11  Extractor  
  31  3:15  Extractor  
  31  3:18  Lair  
  30  3:23  Drone  
  31  3:38  Spine Crawler  
  30  3:43  Drone x2  
  30  3:46  Drone x4  
  36  3:54  Overlord  
  36  4:11  Evolution Chamber  
  36  4:13  Drone x2  
  36  4:14  Drone  
  36  4:15  Overlord  
  38  4:22  Drone x2  
  38  4:24  Drone x2  
  42  4:25  Drone  
  43  4:46  Spire  
  43  4:48  Hydralisk Den  
  43  4:52  Zergling x6  
  44  4:53  Zergling x4  
  46  5:03  Drone x2  
  48  5:08  Drone  
  49  5:32  Burrow  
  49  5:57  Spire  
  49  5:58  Hatchery, Hydralisk x2  
  49  6:01  Spore Crawler  
  50  6:07  Spore Crawler  
  49  6:17  Overlord x2  
  49  6:20  Corruptor  
  51  6:26  Hatchery, Zerg Flyer Armor Level 1  
  50  6:37  Hydralisk x2  
  50  6:38  Hydralisk x2  
  51  6:50  Overlord, Hydralisk x2  
  38  7:02  Spore Crawler  
  36  7:12  Drone  
  29  7:29  Hydralisk x2  
  33  7:32  Drone x4  
  27  7:42  Drone x2  
  29  7:48  Drone  
  30  7:52  Drone  
  31  8:08  Drone  
  31  8:09  Drone  
  33  8:17  Zergling x6  
  33  8:18  Drone  
  37  8:26  Drone x2  
  39  8:27  Drone  
  39  8:29  Drone  
  39  8:32  Drone  
  42  8:35  Drone  
  43  8:54  Drone x3  
  43  8:55  Queen  
  46  8:58  Drone x3  
  51  9:03  Drone x2  
  51  9:04  Drone  
  54  9:11  Muscular Augments  
  45  9:28  Drone x3  
  45  9:29  Queen  
  50  9:39  Queen  
  50  9:40  Drone x5  
  50  9:41  Drone x3  
  60  9:45  Overseer  
  60  9:49  Drone  
  60  9:50  Drone x2  
  60  9:52  Extractor  
  62  9:55  Extractor  
  62  9:59  Extractor  
  60  10:01  Extractor, Drone x3  
  62  10:16  Spore Crawler  
  62  10:17  Drone  
  62  10:18  Drone x2  
  64  10:26  Overlord x3  
  64  10:34  Drone  
  64  10:35  Drone x2  
  67  10:40  Drone x3  
  67  10:41  Drone  
  67  10:42  Hydralisk x2  
  71  10:43  Hydralisk x2  
  71  10:44  Hydralisk x4  
  71  10:48  Zerg Missile Weapons Level 1  
  87  10:53  Evolution Chamber  
  86  11:04  Drone x4  
  88  11:05  Drone  
  91  11:11  Hydralisk x2  
  91  11:12  Hydralisk x2  
  91  11:13  Hydralisk, Corruptor  
  91  11:15  Overlord x2  
  91  11:16  Overlord  
  103  11:20  Zerg Ground Armor Level 1  
  103  11:38  Zerg Flyer Weapons Level 1  
  103  11:40  Corruptor x3  
  103  11:41  Corruptor x5  
  103  11:43  Hydralisk  
  103  11:45  Overlord  
  121  11:53  Drone  
  121  11:54  Drone x2  
  124  12:01  Drone x3  
  127  12:18  Spire  
  126  12:27  Infestation Pit  
  125  12:41  Overlord x4  
  125  12:42  Overlord x2  
  125  13:01  Pneumatized Carapace  
  125  13:07  Nydus Network  
  124  13:13  Hydralisk x14  
  124  13:14  Hydralisk x9  
  170  13:24  Hatchery  
  169  13:36  Overlord  
  169  13:37  Overlord x6  
  103  14:11  Hydralisk x3  
  103  14:24  Drone  
  103  14:39  Hatchery  
  103  14:41  Queen  
  103  14:42  Drone  
  103  14:44  Drone x6  
  103  14:45  Drone x2  
  113  14:50  Hydralisk  
  113  14:51  Hydralisk  
  117  15:15  Drone x2  
  117  15:20  Extractor  
  118  15:22  Extractor  
  118  15:23  Drone  
  118  15:24  Hydralisk x6  
  118  15:25  Hydralisk x3  
  136  15:39  Nydus Network  
  136  15:41  Drone x2  
  136  15:42  Drone x4  
  141  15:45  Drone  
  141  15:48  Hydralisk x4  
  150  15:53  Queen, Drone  
  153  16:05  Zerg Missile Weapons Level 2, Zerg Ground Armor Level 2  
  153  16:14  Overlord x3  
  153  16:15  Overlord, Hydralisk  
  153  16:16  Hydralisk x9  
  173  16:23  Nydus Canal  
  173  16:36  Corruptor  
  173  16:37  Corruptor x7  
  189  16:57  Drone  
  189  16:58  Drone  
  191  17:16  Drone x2  
  191  17:37  Nydus Canal  
  191  17:39  Drone  
  155  18:45  Hive  
  155  19:00  Nydus Canal  
  155  20:05  Greater Spire  
  155  20:14  Hatchery  
  155  20:16  Extractor  
  155  20:20  Extractor  
  152  20:27  Corruptor  
  152  20:28  Corruptor x8  
  154  20:29  Hydralisk x5  
  154  20:30  Hydralisk x6  
  154  20:31  Hydralisk x3  
  198  20:39  Spore Crawler  
  198  20:40  Spine Crawler  
  196  20:43  Spore Crawler  
  195  21:06  Corruptor  
  195  21:07  Corruptor  
  199  21:33  Drone  
Show
View Real Time Build Order
Export as new Build Order

Freeman Protoss - Winner!

Build Orders:  

Get SALT Encoding   

  12  0:20  Probe (Chrono Boost)  
  13  0:25  Pylon  
  13  0:30  Assimilator, Probe (Chrono Boost)  
  14  0:38  Assimilator  
  14  0:48  Gateway  
  14  1:05  Probe (Chrono Boost)  
  15  1:13  Forge  
  15  1:16  Probe (Chrono Boost)  
  17  1:32  Probe (Chrono Boost)  
  17  1:43  Cybernetics Core, Probe (Chrono Boost)  
  18  1:53  Probe (Chrono Boost)  
  19  2:11  Probe (Chrono Boost)  
  20  2:22  Probe (Chrono Boost)  
  21  2:28  Stargate x2  
  21  2:32  Probe (Chrono Boost)  
  22  3:06  Pylon  
  22  3:12  Pylon  
  22  3:23  Void Ray x2  
  22  3:26  Protoss Air Weapons Level 1  
  30  4:06  Void Ray x2  
  38  4:12  Pylon  
  38  4:36  Probe (Chrono Boost)  
  39  4:46  Pylon  
  39  4:49  Void Ray  
  43  5:01  Void Ray  
  47  5:31  Nexus  
  47  5:47  Void Ray  
  51  6:31  Void Ray  
  55  6:42  Void Ray  
  55  6:43  Probe x2 (Chrono Boost)  
  55  6:46  Pylon  
  61  6:48  Pylon  
  63  6:54  Probe x2 (Chrono Boost)  
  63  7:27  Void Ray x2  
  71  8:12  Probe x2 (Chrono Boost)  
  73  8:14  Void Ray x2  
  57  9:30  Void Ray x2  
  65  9:36  Probe x2 (Chrono Boost)  
  67  9:38  Assimilator  
  67  9:47  Probe x2 (Chrono Boost)  
  69  9:57  Probe (Chrono Boost)  
  70  10:13  Void Ray  
  74  10:19  Void Ray  
  78  10:34  Assimilator  
  78  10:42  Nexus  
  78  10:52  Photon Cannon  
  78  10:54  Photon Cannon  
  78  10:56  Void Ray, Photon Cannon  
  82  11:00  Photon Cannon  
  82  11:01  Probe x2 (Chrono Boost)  
  82  11:03  Pylon  
  84  11:12  Probe x2 (Chrono Boost)  
  86  11:20  Void Ray  
  86  11:22  Probe x2 (Chrono Boost)  
  92  11:30  Pylon  
  92  11:35  Photon Cannon  
  92  11:37  Probe x2 (Chrono Boost)  
  94  11:46  Protoss Shields Level 1  
  94  11:48  Void Ray, Probe (Chrono Boost)  
  94  11:51  Protoss Air Armor Level 1  
  99  12:19  Mothership Core (Chrono Boost), Void Ray  
  105  12:31  Void Ray  
  109  12:44  Probe x2 (Chrono Boost)  
  109  12:45  Probe (Chrono Boost)  
  109  12:50  Assimilator  
  112  12:52  Assimilator  
  112  12:55  Probe x3 (Chrono Boost)  
  117  13:05  Probe x2 (Chrono Boost)  
  117  13:08  Pylon  
  117  13:12  Pylon  
  117  13:23  Pylon  
  117  13:26  Void Ray, Probe x3 (Chrono Boost)  
  124  13:29  Void Ray  
  124  13:33  Twilight Council  
  118  14:09  Void Ray  
  122  14:52  Void Ray x2  
  114  15:34  Void Ray  
  114  15:35  Void Ray  
  110  16:16  Mothership Core (Chrono Boost)  
  110  16:17  Void Ray x2  
  116  16:32  Stargate  
  116  16:37  Nexus  
  100  16:42  Assimilator x2  
  92  16:53  Stargate  
  92  16:55  Stargate  
  92  17:00  Void Ray x2  
  100  17:06  Probe x3 (Chrono Boost)  
  103  17:11  Pylon  
  103  17:13  Pylon  
  103  17:16  Pylon, Probe x2 (Chrono Boost)  
  103  17:17  Probe (Chrono Boost)  
  103  17:20  Pylon  
  106  17:23  Pylon  
  106  17:24  Void Ray  
  106  17:27  Probe x2 (Chrono Boost)  
  112  17:36  Probe (Chrono Boost)  
  113  17:37  Probe (Chrono Boost)  
  113  17:38  Probe (Chrono Boost)  
  113  17:43  Void Ray x2  
  123  18:00  Void Ray x2  
  131  18:07  Void Ray  
  131  18:26  Void Ray x2  
  127  18:43  Void Ray x2  
  131  18:50  Void Ray  
  131  18:53  Photon Cannon  
  131  18:54  Photon Cannon  
  135  18:56  Photon Cannon  
  135  18:58  Photon Cannon  
  135  19:01  Photon Cannon  
  135  19:02  Photon Cannon  
  135  19:03  Photon Cannon  
  135  19:05  Photon Cannon  
  135  19:07  Photon Cannon  
  135  19:10  Pylon  
  135  19:12  Pylon, Probe x4 (Chrono Boost)  
  139  19:19  Void Ray x2  
  139  19:23  Probe x3 (Chrono Boost)  
  150  19:25  Void Ray  
  150  19:26  Void Ray  
  158  19:33  Void Ray  
  158  19:35  Fleet Beacon  
  162  20:02  Void Ray  
  166  20:11  Void Ray x2  
  166  20:12  Void Ray  
  178  20:44  Cybernetics Core  
  174  20:50  Void Ray x2  
  174  20:53  Void Ray  
  182  21:12  Void Ray  
  182  21:13  Void Ray  
Show
View Real Time Build Order
Export as new Build Order

pastdarkk Terran - Winner!

Build Orders:  

Get SALT Encoding   

  12  0:08  SCV  
  13  0:20  SCV  
  14  0:37  SCV  
  15  0:54  Supply Depot  
  15  0:57  Refinery  
  15  1:00  Refinery  
  15  1:13  Engineering Bay  
  15  1:16  SCV  
  16  1:27  Barracks  
  16  1:28  SCV  
  17  1:40  SCV  
  17  1:41  Barracks  
  18  1:52  SCV  
  19  1:57  Supply Depot  
  19  2:04  SCV  
  20  2:10  Terran Infantry Weapons Level 1  
  20  2:18  SCV  
  20  2:21  Barracks Reactor  
  21  2:31  Barracks Reactor  
  21  2:32  SCV  
  21  2:33  Supply Depot  
  22  2:44  SCV, Supply Depot  
  23  2:59  Missile Turret  
  23  3:04  SCV  
  24  3:15  Reaper x2  
  24  3:16  Reaper x2  
  28  3:32  Barracks  
  28  3:46  Orbital Command  
  28  3:47  Reaper  
  28  3:48  Reaper x3  
  32  4:20  Reaper x4  
  36  4:29  Barracks Tech Lab  
  36  4:34  Terran Infantry Armor Level 1  
  36  4:51  Marine  
  36  4:52  Marine x2  
  39  4:53  Supply Depot  
  39  5:14  Marine x4  
  39  5:16  Missile Turret  
  43  5:32  Marine x4  
  35  5:50  Marine x4  
  39  6:04  Factory  
  39  6:05  Missile Turret  
  39  6:07  Marine x3  
  42  6:14  Combat Shields  
  42  6:17  Marine  
  37  6:25  Missile Turret  
  36  6:45  Marine x5  
  41  6:52  Starport  
  41  7:07  Starport  
  41  7:13  SCV  
  42  7:25  SCV  
  43  7:33  Stimpack  
  43  7:39  Factory Tech Lab  
  43  7:51  Command Center  
  43  7:53  SCV  
  44  8:08  Starport Reactor  
  44  8:10  Starport Reactor  
  44  8:21  Siege Tank  
  47  8:27  Marine x3  
  47  8:32  Supply Depot  
  50  8:54  Hellion  
  52  9:36  Medivac x2  
  52  9:37  Viking, Medivac  
  60  9:43  SCV  
  61  9:56  SCV  
  62  10:04  SCV  
  62  10:05  Viking  
  62  10:06  Viking  
  67  10:08  SCV  
  67  10:11  Refinery  
  68  10:16  SCV  
  68  10:20  SCV  
  70  10:29  SCV  
  70  10:31  Refinery  
  70  10:32  SCV  
  72  10:44  SCV  
  72  10:46  Supply Depot  
  73  10:56  SCV  
  74  10:57  Armory  
  74  11:07  Missile Turret  
  74  11:08  SCV  
  74  11:09  Supply Depot  
  75  11:20  SCV  
  75  11:24  Marauder  
  78  11:28  Missile Turret  
  78  11:33  Supply Depot  
  78  11:38  Marine x2  
  80  11:40  Barracks  
  80  11:45  Marauder  
  82  11:49  Orbital Command  
  82  11:55  Supply Depot  
  82  11:56  Marine  
  83  12:07  Marauder  
  85  12:12  Viking x2  
  89  12:28  Marine x4, Marauder  
  95  12:38  SCV  
  96  12:44  Orbital Command  
  96  12:46  Marine x4  
  96  12:50  SCV  
  101  12:55  Concussive Shells  
  101  13:03  SCV  
  102  13:08  Starport  
  102  13:10  SCV  
  103  13:15  SCV  
  104  13:23  SCV  
  105  13:27  SCV  
  106  13:35  SCV  
  106  13:39  SCV  
  108  13:47  SCV  
  109  13:51  SCV  
  110  13:59  SCV  
  102  14:24  Starport Tech Lab  
  102  14:30  Barracks Tech Lab  
  102  14:31  Marine x3  
  102  14:32  Marine  
  102  14:33  Marine  
  108  14:38  SCV  
  108  14:42  Refinery  
  108  14:43  Refinery  
  108  14:44  SCV  
  109  14:49  Marine  
  110  14:56  Marine  
  110  14:57  Marine  
  110  14:58  SCV  
  110  15:17  Marine  
  110  15:18  SCV x2  
  110  15:37  Marine x2, SCV x2  
  110  15:38  Marine, Supply Depot  
  110  15:39  Marine  
  103  15:49  SCV x2  
  83  15:55  Marine  
  83  15:56  Marine, Viking x2  
  83  15:57  Viking x2  
  86  15:58  Terran Vehicle And Ship Armor Level 1  
  86  16:00  Armory  
  86  16:01  SCV, Supply Depot  
  89  16:20  Marine x6  
  89  16:23  Supply Depot  
  95  16:28  Terran Infantry Weapons Level 2  
  95  16:37  Marine  
  95  16:38  Marine  
  97  16:42  Banshee  
  97  16:43  Viking x2  
  97  16:44  Viking x2  
  97  16:45  Supply Depot  
  108  16:49  Hyperflight Rotors  
  108  16:56  Terran Ship Weapons Level 1  
  106  17:09  Supply Depot  
  106  17:13  Viking  
  108  17:20  Starport  
  108  17:25  Banshee  
  111  17:31  Supply Depot  
  111  17:52  Terran Vehicle Weapons Level 1  
  111  17:54  Supply Depot  
  111  17:55  Marauder  
  111  17:56  Marine x2, Marauder  
  111  17:57  Marine x2  
  119  18:08  Banshee  
  122  18:13  Thor  
  122  18:14  Marine  
  122  18:17  Supply Depot, Marauder x2  
  133  18:21  Command Center  
  133  18:23  Starport Tech Lab  
  133  18:38  Marauder x2  
  137  18:44  Terran Infantry Armor Level 2  
  137  18:50  Cloaking Field  
  137  18:51  Banshee  
  140  18:56  Thor  
  146  19:13  Medivac  
  146  19:14  Medivac x3  
  146  19:15  Banshee  
  157  19:33  Banshee  
  157  19:35  Terran Vehicle And Ship Armor Level 2  
  160  19:43  Barracks Reactor  
  160  19:46  Terran Ship Weapons Level 2  
  160  19:58  Banshee  
  163  20:00  Planetary Fortress  
  163  20:09  High Capacity Fuel Tanks  
  163  20:16  Banshee  
  166  20:41  Banshee  
  169  20:53  Engineering Bay  
  169  21:00  Sensor Tower, Hi-Sec Auto Tracking  
  169  21:07  Refinery  
  169  21:08  Sensor Tower, Refinery  
  169  21:11  Sensor Tower  
  169  21:12  SCV  
  170  21:24  SCV  
  171  21:30  Sensor Tower  
  171  21:35  Sensor Tower  
  171  21:45  Sensor Tower  
  171  22:01  Sensor Tower  
Tags
 
Add a new tag
Caveats
  • Supply blocks, unpowered buildings, or Contaminate may cause inaccurate times.
  • Supply counts are checked every 10 seconds.